 Dungeon Crawl Stone Soup version 0.30.1-11-g7821555f0a (webtiles) character file.

Game seed: 3002075546987627400

33334 Janerl the Bludgeoner (level 13, -4/122 HPs)
             Began as a Minotaur Berserker on Dec 9, 2023.
             Was a High Priest of Trog.
             Slain by a naga warrior
             ... wielding a +0 glaive
              (25 damage)
             ... on level 1 of the Snake Pit.
             The game lasted 01:00:48 (11878 turns).

Janerl the Bludgeoner (Minotaur Berserker)         Turns: 11878, Time: 01:00:49

Health: -4/122     AC: 28    Str: 26    XL:     13   Next: 36%
Magic:  12/12      EV:  4    Int: 10    God:    Trog [*****.]
Gold:   499        SH:  9    Dex: 13    Spells: 12/12 levels left

rFire   + . .        a - +9 morningstar "Xirocvif" {flame, Int+4}
rCold   + + .        r - +2 kite shield {rC+}
rNeg    . . .        T - +2 gold dragon scales
rPois   +            (helmet restricted)
rElec   .            N - scarf {+Inv}
rCorr   .            c - +1 pair of gloves {Stlth+}
SInv    .            (no boots)
Will    .....        (no amulet) Stlth
                     o - +4 ring of protection
HPRegen 0.40/turn    u - +6 ring of strength
MPRegen 0.13/turn

%: no passive effects
@: lethally poisoned (-4 -> -5), constricted
A: horns 2, retaliatory headbutt, weak 1, subdued magic 1
a: Renounce Religion, Evoke Invisibility, Berserk, Trog's Hand, Brothers in Arms


You were on level 1 of the Snake Pit.
You worshipped Trog.
Trog was extremely pleased with you.
You visited 3 branches of the dungeon, and saw 12 of its levels.
You also visited: Sewer and Gauntlet.

You collected 499 gold pieces.

Inventory:

Hand Weapons
 a - the +9 morningstar "Xirocvif" (weapon) {flame, Int+4}
   (You found it on level 2 of the Lair of Beasts)

   Int:       It affects your intelligence (+4).
 b - a +3 heavy sling
 j - a +1 halberd of freezing
 X - a +3 dire flail of holy wrath
Missiles
 x - 2 boomerangs of dispersal (quivered)
 S - 3 silver javelins
 Z - 3 atropa-tipped darts
Armour
 c - a +1 pair of gloves of stealth (worn)
 d - the +5 plate armour of Paranoia {Regen+}
   (You found it on level 1 of the Snake Pit)

   Regen:     It increases your rate of health regeneration.
 r - a +2 kite shield of cold resistance (worn)
 N - a scarf of invisibility (worn)
 T - +2 gold dragon scales (worn)
 W - the +1 leather armour "Qereehau" {Str+6}
   (You found it on level 2 of the Lair of Beasts)

   Str:       It affects your strength (+6).
Jewellery
 o - a +4 ring of protection (left hand)
 u - a +6 ring of strength (right hand)
 L - the ring "Plog" {Int+4 Dex+6}
   (You found it on level 7 of the Dungeon)

   [ring of dexterity]

   Int:       It affects your intelligence (+4).
   Dex:       It affects your dexterity (+6).
 Q - the ring "Arphiw" {rElec rCorr EV+5 Str-5 Stlth+}
   (You found it in a Gauntlet)

   [ring of evasion]

   EV:        It affects your evasion (+5).
   Str:       It affects your strength (-5).
   rElec:     It insulates you from electricity.
   rCorr:     It protects you from acid and corrosion.
   Stlth:     It makes you more stealthy.
Wands
 s - a wand of mindburst (23)
 y - a wand of flame (10)
 E - a wand of roots (8)
 U - a wand of paralysis (7)
 V - a wand of polymorph (9)
 Y - a wand of acid (7)
Scrolls
 g - 2 scrolls of identify
 m - 2 scrolls of teleportation {unknown}
 q - 3 scrolls of brand weapon
 t - a scroll of fog {unknown}
 v - 2 scrolls of poison
 w - 2 scrolls of blinking
 z - 2 scrolls of noise {unknown}
 C - 5 scrolls of magic mapping
 D - 2 scrolls of fear {unknown}
 F - 2 scrolls of enchant armour
 H - a scroll of acquirement {unknown}
 I - 2 scrolls of butterflies
 J - a scroll of enchant weapon {unknown}
Potions
 e - a potion of cancellation {unknown}
 f - a potion of ambrosia {unknown}
 h - 3 potions of curing
 i - 2 potions of lignification
 k - 2 potions of magic
 l - a potion of brilliance {unknown}
 n - 2 potions of resistance {unknown}
 p - 4 potions of heal wounds
 A - 3 potions of berserk rage
 B - 2 potions of mutation
 G - a potion of might
 M - a potion of haste {unknown}
 R - 2 potions of attraction {unknown}
Miscellaneous
 K - a box of beasts (inert)


   Skills:
 + Level 13.5 Fighting
 + Level 17.2 Maces & Flails
 + Level 2.6 Ranged Weapons
 + Level 2.7 Throwing
 + Level 14.3 Armour
 + Level 7.3 Dodging
 + Level 2.5 Stealth
 + Level 1.2 Shields
 + Level 0.3 Evocations


You had 12 spell levels left.
You didn't know any spells.
Your spell library was empty.

Dungeon Overview and Level Annotations

Branches:
Dungeon (8/15)             Temple (0/1) D:5            Lair (2/5) D:8
  Snake (2/4) Lair:2        Sewer (visited)         Gauntlet (visited)
  Swamp: Lair:2-3    Shoals: Lair:2-3

Altars:
Cheibriados
Gozag
Okawaru
Qazlal
Trog
Vehumet
Yredelemnul
Zin
The Shining One

Annotations:
D:7 2 transporters
Lair:1 2 transporters, turdburglar's ghost, journeyman DrAE
Snake:2 Saint Roka


Innate Abilities, Weirdness & Mutations

You have a pair of horns on your head.
You reflexively headbutt those who attack you in melee.
You are weak. (Str -2)
Your spells are a little easier to cast, but a little less powerful.


Message History

You hit the anaconda. You burn the anaconda.
You kill the anaconda!
Trog accepts your kill.
You feel sick.
The naga warrior hits you from afar with a +0 glaive!
You closely miss the black mamba. Your headbutt misses the black mamba.
You feel sick. The black mamba barely misses you.
The black mamba bites you but does no damage.
You block the naga warrior's attack.
You bludgeon the black mamba!! You burn the black mamba.
The black mamba is severely wounded.
You feel sick.
The black mamba bites you but does no damage.
You impale the black mamba!! You burn the black mamba.
You kill the black mamba!
Trog accepts your kill.
You feel sick. You block the naga warrior's attack.
Your Shields skill increases to level 1!
You feel sick. The naga warrior spits poison at you.
The splash of poison hits you. You resist.
* * * LOW HITPOINT WARNING * * *
You see here a black mamba corpse.
You closely miss the naga warrior.
The naga warrior is heavily wounded.
You block the naga warrior's attack. The naga warrior grabs you.
The naga warrior constricts you.
You impale the naga warrior!! You burn the naga warrior.
You headbutt the naga warrior, but do no damage.
The naga warrior is severely wounded.
You feel sick.
The naga warrior hits you with a +0 glaive!
* * * LOW HITPOINT WARNING * * *
The naga warrior constricts you.
You thump the naga warrior! You burn the naga warrior.
You headbutt the naga warrior!
The naga warrior is almost dead.
You feel sick.
The naga warrior hits you with a +0 glaive!!
You die...

.#..#.......#..#N# ###......###
.'..#...>...#..'.# .........#
.#..#.......#..#.####....##..##
##..##.8.8.##..#.##....#
###..#.....#..#####....# #
#...........# #....#
####.##...##.# ###..#
...#..#####..####N...#
..###...)...##..@.##.#
#).###.....##..###...#
##).)###'###### #..##
####)..#[#.## ###..# #
............# #.).)##.###.
###########.# #.#......... #
#####.####....##.....
#...........### ....
#........#.## ...


You could see a naga warrior.

Vanquished Creatures
  A quicksilver ooze (Gauntlet)
  A minotaur (Gauntlet)
  A salamander tyrant (Snake:2)
  A boulder beetle (Lair:2)
  3 anacondas (Snake:1)
  6 naga warriors (Snake:1)
  A hell hog (Gauntlet)
  A naga sharpshooter (Snake:1)
  Urug (Lair:1)
  3 shock serpents (Snake:1)
  A naga ritualist (Snake:1)
  5 salamanders
  3 mana vipers
  3 naga magi (Snake:1)
  Joseph (D:7)
  8 black mambas
  3 guardian serpents (Snake:1)
  3 komodo dragons
  7 cane toads
  2 rime drakes (Lair:2)
  Grinder (D:5)
  10 blink frogs
  11 yaks
  2 fire bats (Gauntlet)
  A steam dragon (D:6)
  Edmund (D:5)
  An acid dragon (D:6)
  11 nagas
  3 hell hounds (Gauntlet)
  Duvessa (D:6)
  12 water moccasins
  2 sky beasts (D:6)
  Pargi (Sewer)
  2 ice beasts
  7 black bears
  An ogre (D:5)
  4 wolves (Lair:2)
  A centaur (D:6)
  A phantom (D:5)
  A kobold brigand (D:7)
  10 bullfrogs
  6 scorpions
  A wyvern zombie (D:8)
  Dowan (D:6)
  A howler monkey (D:6)
  3 lava snakes (Lair:2)
  5 hounds
  An orc priest (D:7)
  2 jellies
  A sleepcap (D:5)
  Ijyb (D:5)
  4 orc wizards
  An iguana (D:6)
  A killer bee zombie (D:8)
  7 adders
  3 shadow imps
  A white imp (D:6)
  2 ufetubi (D:5)
  2 worms (D:5)
  17 orcs
  9 ball pythons
  7 bats
  3 endoplasms
  6 giant cockroaches
  2 goblins
  9 hobgoblins
  15 kobolds
  11 quokkas
  9 frilled lizards
  7 rats
277 creatures vanquished.

Notes
Turn   | Place    | Note
-------+----------+-------------------------------------------
     0 | D:1      | Janerl the Minotaur Berserker began the quest for the Orb.
     0 | D:1      | Reached XP level 1. HP: 19/19 MP: 0/0
   266 | D:1      | Reached XP level 2. HP: 27/27 MP: 1/1
   420 | D:1      | Reached skill level 4 in Maces & Flails
   996 | D:2      | Reached ** piety under Trog
  1023 | D:2      | Reached XP level 3. HP: 26/33 MP: 2/2
  1188 | D:2      | Found a radiant altar of Vehumet.
  1655 | D:3      | Reached XP level 4. HP: 41/41 MP: 3/3
  1930 | D:3      | Reached skill level 5 in Maces & Flails
  2024 | D:3      | Found a glowing golden altar of the Shining One.
  2434 | D:4      | You fall into a shaft and drop 1 floor!
  2434 | D:5      | Entered Level 5 of the Dungeon
  2472 | D:5      | Reached XP level 5. HP: 46/47 MP: 4/4
  2546 | D:5      | Found a snail-covered altar of Cheibriados.
  2638 | D:5      | Noticed a phantom
  2643 | D:5      | Killed a phantom
  2784 | D:5      | Noticed an ice beast
  2789 | D:5      | Killed an ice beast
  2790 | D:5      | Reached skill level 6 in Maces & Flails
  2790 | D:5      | Reached XP level 6. HP: 55/55 MP: 5/5
  2977 | D:5      | Noticed Edmund
  2989 | D:5      | Killed Edmund
  2990 | D:5      | Reached skill level 5 in Fighting
  2990 | D:5      | Reached skill level 5 in Armour
  2990 | D:5      | Reached XP level 7. HP: 61/61 MP: 6/6
  3040 | D:5      | Noticed Ijyb
  3043 | D:5      | Noticed Grinder
  3045 | D:5      | Found a staircase to the Ecumenical Temple.
  3050 | D:5      | Killed Ijyb
  3051 | D:5      | Reached skill level 7 in Maces & Flails
  3052 | D:5      | Killed Grinder
  3053 | D:5      | Reached skill level 1 in Throwing
  3077 | D:5      | Reached skill level 8 in Maces & Flails
  3393 | D:6      | Reached XP level 8. HP: 69/69 MP: 7/7
  3401 | D:6      | Reached *** piety under Trog
  3482 | D:6      | Noticed Duvessa
  3532 | D:6      | Reached skill level 9 in Maces & Flails
  3637 | D:6      | Found a glowing drain.
  3651 | Sewer    | Entered a sewer
  3689 | Sewer    | Reached skill level 5 in Dodging
  3694 | Sewer    | Noticed Pargi
  3704 | Sewer    | Killed Pargi
  3875 | D:6      | Noticed Dowan
  3880 | D:6      | Killed Duvessa
  3886 | D:6      | Killed Dowan
  3887 | D:6      | Reached skill level 10 in Maces & Flails
  4121 | D:6      | Reached XP level 9. HP: 71/78 MP: 8/8
  4613 | D:7      | Found an opulent altar of Gozag.
  4613 | D:7      | Found a glowing silver altar of Zin.
  4661 | D:7      | Found a transporter.
  4685 | D:7      | Found a transporter.
  4753 | D:7      | Reached **** piety under Trog
  4766 | D:7      | Identified the +1 robe of Lust {rC+ Archmagi}
  4910 | D:7      | Found a bloodstained altar of Trog.
  4924 | D:7      | Reached skill level 11 in Maces & Flails
  5141 | D:7      | Identified the ring "Plog" {Int+4 Dex+6}
  5330 | D:7      | Noticed Joseph
  5345 | D:7      | Killed Joseph
  5346 | D:7      | Reached skill level 1 in Stealth
  5639 | D:8      | Found a basalt altar of Yredelemnul.
  5697 | D:8      | Reached skill level 12 in Maces & Flails
  5856 | D:8      | Reached XP level 10. HP: 88/88 MP: 9/9
  5856 | D:8      | Found a staircase to the Lair.
  6232 | D:8      | Found an iron altar of Okawaru.
  6275 | Lair:1   | Entered Level 1 of the Lair of Beasts
  6291 | Lair:1   | Reached skill level 13 in Maces & Flails
  6493 | Lair:1   | Reached skill level 1 in Ranged Weapons
  6553 | Lair:1   | Gained mutation: You occasionally shout uncontrollably at
                  | your foes. [potion of mutation]
  6553 | Lair:1   | Gained mutation: You are dopey. (Int -2) [potion of
                  | mutation]
  6553 | Lair:1   | Gained mutation: You have large cloven feet. [potion of
                  | mutation]
  6554 | Lair:1   | Lost mutation: You have large cloven feet. [potion of
                  | mutation]
  6554 | Lair:1   | Lost mutation: You occasionally shout uncontrollably at
                  | your foes. [potion of mutation]
  6554 | Lair:1   | Lost mutation: You are dopey. (Int -2) [potion of mutation]
  6554 | Lair:1   | Gained mutation: Your body sometimes deteriorates upon
                  | taking damage. [potion of mutation]
  6554 | Lair:1   | Gained mutation: Your spells are a little harder to cast,
                  | but a little more powerful. [potion of mutation]
  6554 | Lair:1   | Gained mutation: Your flesh is heat resistant. (rF+)
                  | [potion of mutation]
  6555 | Lair:1   | Lost mutation: Your spells are a little harder to cast, but
                  | a little more powerful. [potion of mutation]
  6555 | Lair:1   | Lost mutation: Your flesh is heat resistant. (rF+) [potion
                  | of mutation]
  6555 | Lair:1   | Lost mutation: Your body sometimes deteriorates upon taking
                  | damage. [potion of mutation]
  6555 | Lair:1   | Gained mutation: You have hidden genetic defects. [potion
                  | of mutation]
  6591 | Lair:1   | Noticed a cane toad
  6611 | Lair:1   | Killed a cane toad
  6933 | Lair:1   | Reached skill level 14 in Maces & Flails
  6970 | Lair:1   | Found a transporter.
  6973 | Lair:1   | Found a transporter.
  6973 | Lair:1   | Noticed turdburglar's ghost (journeyman DrAE)
  7005 | Lair:1   | Gained mutation: Your spells are a little easier to cast,
                  | but a little less powerful. [hidden defects]
  7119 | Lair:1   | Noticed a cane toad
  7125 | Lair:1   | Killed a cane toad
  7126 | Lair:1   | Reached XP level 11. HP: 97/97 MP: 10/10
  7317 | Lair:1   | Noticed Urug
  7328 | Lair:1   | Killed Urug
  7343 | Lair:1   | Gained mutation: You are weak. (Str -2) [hidden defects]
  7343 | Lair:1   | Lost mutation: You have hidden genetic defects. [hidden
                  | defects expressed]
  7580 | Lair:2   | Found a gate leading to a gauntlet.
  7588 | Gauntlet | Entered a Gauntlet
  7588 | Gauntlet | Found a transporter.
  7595 | Gauntlet | Noticed a hell hog
  7598 | Gauntlet | Found a transporter.
  7598 | Gauntlet | Noticed a blizzard demon
  7600 | Gauntlet | Found a transporter.
  7603 | Gauntlet | Found a transporter.
  7604 | Gauntlet | Found a transporter.
  7605 | Gauntlet | Found a transporter.
  7651 | Gauntlet | Found a transporter.
  7652 | Gauntlet | Noticed a quicksilver ooze
  7669 | Gauntlet | Noticed a ghost crab
  7672 | Gauntlet | Found a transporter.
  7686 | Gauntlet | Found a transporter.
  7691 | Gauntlet | Found a transporter.
  7695 | Gauntlet | Found a transporter.
  7696 | Gauntlet | Noticed a death yak
  7696 | Gauntlet | Noticed a necromancer
  7697 | Gauntlet | Noticed a death yak
  7697 | Gauntlet | Found a runed translucent door.
  7700 | Gauntlet | Found a runed translucent door.
  7702 | Gauntlet | Noticed a death yak
  7704 | Gauntlet | Found a transporter.
  7704 | Gauntlet | Noticed a death yak
  7705 | Gauntlet | Noticed a death yak
  7708 | Gauntlet | Noticed a death yak
  7933 | Gauntlet | Reached skill level 10 in Armour
  7940 | Gauntlet | Killed a hell hog
  8038 | Gauntlet | Killed a quicksilver ooze
  8050 | Gauntlet | Identified the ring "Arphiw" {rElec rCorr EV+5 Str-5
                  | Stlth+}
  8190 | Gauntlet | Noticed a minotaur
  8198 | Gauntlet | Killed a minotaur
  8199 | Gauntlet | Reached skill level 15 in Maces & Flails
  8311 | Lair:2   | Noticed a boulder beetle
  8314 | Lair:2   | Reached skill level 10 in Fighting
  8334 | Lair:2   | Killed a boulder beetle
  8618 | Lair:2   | Identified the +1 leather armour "Qereehau" {Str+6}
  8901 | Lair:2   | Identified the +9 morningstar "Xirocvif" {flame, Int+4}
  9102 | Lair:2   | Reached XP level 12. HP: 88/110 MP: 11/11
  9235 | Lair:2   | Found a stormy altar of Qazlal.
  9353 | Lair:2   | Found a staircase to the Snake Pit.
  9757 | Snake:1  | Entered Level 1 of the Snake Pit
  9757 | Snake:1  | Noticed a naga warrior
  9765 | Snake:1  | Killed a naga warrior
  9769 | Snake:1  | Reached skill level 16 in Maces & Flails
 10036 | Snake:1  | You fall into a shaft and drop 1 floor!
 10167 | Snake:2  | Noticed a salamander tyrant
 10179 | Snake:2  | Killed a salamander tyrant
 10357 | Snake:2  | Noticed Saint Roka
 10509 | Snake:1  | Identified the +5 plate armour of Paranoia {Regen+}
 10658 | Snake:1  | Noticed an anaconda
 10680 | Snake:1  | Killed an anaconda
 10818 | Snake:1  | Noticed an anaconda
 10818 | Snake:1  | Noticed a naga warrior
 10818 | Snake:1  | Noticed a naga warrior
 10830 | Snake:1  | Reached skill level 17 in Maces & Flails
 10830 | Snake:1  | Reached XP level 13. HP: 119/119 MP: 12/12
 10926 | Snake:1  | Reached ***** piety under Trog
 11875 | Snake:1  | Reached skill level 1 in Shields
 11878 | Snake:1  | Slain by a naga warrior

Illustrated notes

Levels and vault maps discovered:
D:1:      kennysheep_arrival_forest, layout_basic
D:2:      layout_rooms, basic_altar, moated_statue
D:3:      layout_rooms, lemuel_round_altar, kennysheep_crisscross,
          corexii_item_surrounded_by_moat
D:4:      layout_basic
D:5:      layout_basic, cheibrodos_worm_habitat, minmay_temple_entry_large_hall,
          nicolae_hexahallways, minmay_misc_feat_room, uniq_grinder, uniq_ijyb,
          uniq_edmund
D:6:      layout_basic, gup_sewer_entry_pipe, uniq_duvessa
D:7:      gammafunk_steamed_eel, layout_basic,
          grunt_temple_overflow_gold_and_silver, old_standard_altar, uniq_joseph
D:8:      layout_rooms, lemuel_zombie_altar_yredelemnul,
          due_lair_maze_entry_diamond, david_defended_altar_orc
Lair:1:   layout_cave_pods, gammafunk_ghost_arena, uniq_urug
Lair:2:   layout_regular_city, nicolae_snake_entry_warm_welcome, basic_altar,
          gauntlet_entry_generic, beast_lair_carwin_2, grunt_megastairs_1
Snake:1:  layout_rooms, serial_bayou_shore_a, grunt_megastairs_2
Snake:2:  layout_chambers, minmay_shop_grove, serial_bayou_shore_b,
          serial_bayou_shore_b, uniq_aizul, uniq_saint_roka, uniq_louise

Skill      XL: |  1  2  3  4  5  6  7  8  9 10 11 12 13 |
---------------+----------------------------------------+-----
Maces & Flails | 4 5 6 8 10 12 14 15 17 | 17.2
Fighting       | 4 5 6 7 9 11 12 13 | 13.5
Dodging        | 3 4 5 6 7 |  7.3
Armour         | 3 4 5 7 8 9 11 13 14 | 14.3
Throwing       | 1 2 |  2.7
Stealth        | 1 2 |  2.5
Ranged Weapons | 1 2 |  2.6
Shields        | 1 |  1.2
Evocations     | |  0.3

Action                     |  1- 3 |  4- 6 |  7- 9 | 10-12 | 13-15 || total
---------------------------+-------+-------+-------+-------+-------++-------
  Melee: Mace              |    79 |    88 |     4 |       |       ||   171
         Headbutt          |     9 |    17 |    18 |    64 |    16 ||   124
         Dire flail        |       |       |   165 |   177 |       ||   342
         Short sword       |       |       |     2 |       |       ||     2
         Morningstar       |       |       |       |   143 |    82 ||   225
         Punch             |       |       |       |     1 |     2 ||     3
   Fire: Sling             |       |       |       |     9 |       ||     9
  Throw: Dart              |       |     4 |     2 |     8 |       ||    14
 Invoke: Berserk           |       |     3 |     4 |     7 |       ||    14
         Trog's Hand       |       |       |       |     2 |       ||     2
  Evoke: Wand              |       |       |       |     1 |       ||     1
         Box of beasts     |       |       |       |       |     1 ||     1
    Use: Scroll            |       |     1 |     7 |     6 |     3 ||    17
         Potion            |       |       |       |     4 |     2 ||     6
 Armour: Animal skin       |    15 |       |       |       |       ||    15
         Scale mail        |    11 |    48 |   104 |    37 |       ||   200
         Gold dragon scale |       |       |       |   107 |    29 ||   136
  Dodge: Dodged            |    56 |    60 |   125 |   125 |    15 ||   381
  Block: Kite shield       |       |       |       |       |    16 ||    16
